 Dungeon Crawl Stone Soup version 0.30-a0-415-g685d318daa (webtiles) character file.

Game seed: 7068751809541940991

9 Bnni the Trooper (level 2, 24/24 HPs)
             Began as a Demonspawn Fighter on Dec 8, 2022.
             Quit the game on level 1 of the Dungeon.
             The game lasted 00:00:38 (357 turns).

Bnni the Trooper (Demonspawn Fighter)                Turns: 357, Time: 00:00:39

Health: 24/24      AC:  6    Str: 16    XL:     2   Next: 3%
Magic:  2/2        EV:  8    Int:  9    God:
Gold:   41         SH:  4    Dex: 12    Spells: 1/1 levels left

rFire   . . .      SeeInvis .    a - +0 trident
rCold   . . .      Faith    .    c - +0 buckler
rNeg    . . .      Spirit   .    b - +0 scale mail
rPois   .          Reflect  .    (no helmet)
rElec   .          Harm     .    (no cloak)
rCorr   .          Rampage  .    (no gloves)
Will    .....                    (no boots)
Stlth   ..........               (no amulet)
HPRegen 0.24/turn                (no ring)
MPRegen 0.08/turn                (no ring)

@: no status effects
A: claws 1
a: no special abilities


You were on level 1 of the Dungeon.
You visited 1 branch of the dungeon, and saw 1 of its levels.

You collected 41 gold pieces.

Inventory:

Hand Weapons
 a - a +0 trident (weapon)
Armour
 b - a +0 scale mail (worn)
 c - a +0 buckler (worn)
Scrolls
 e - a scroll of immolation {unknown}
 f - a scroll of summoning {unknown}
 h - a scroll of identify {unknown}
Potions
 d - a potion of might
 g - a potion of flight {unknown}
 i - a potion of magic {unknown}


   Skills:
 + Level 3.1 Fighting
 * Level 2.1 Polearms
 - Level 2.6 Armour
 * Level 2.9 Shields


You had one spell level left.
You didn't know any spells.
Your spell library was empty.

Dungeon Overview and Level Annotations

Branches:
Dungeon (1/15)

Altars:


Innate Abilities, Weirdness & Mutations

You have sharp fingernails.


Message History

The endoplasm quivers.
Found 13 gold pieces.
You hit the endoplasm.
The endoplasm is moderately wounded.
The endoplasm freezes you.
You are frozen.
You hit the endoplasm.
The endoplasm is severely wounded.
The endoplasm freezes you.
You are frozen.
You hit the endoplasm.
You kill the endoplasm!
No target in view!
You now have 41 gold pieces (gained 13).
A rat comes into view.
You hit the rat.
You kill the rat!
You have reached level 2!
Your demonic ancestry asserts itself...
Your fingernails lengthen.
A bat comes into view.
You see here a rat corpse.
You block the bat's attack. The bat hits you but does no damage.
You barely miss the bat. You block the bat's attack. The bat barely misses you.
The bat hits you but does no damage.
You barely miss the bat. The bat hits you but does no damage.
You block the bat's attack. The bat hits you but does no damage.
You closely miss the bat. The bat hits you but does no damage.
You hit the bat.
You kill the bat!
No target in view!
No target in view!
No target in view!
No target in view!
No target in view!
No target in view!
No target in view!
h - a scroll labelled TUALARO QEFUT
i - a bubbling yellow potion Are you sure you want to abandon this character and quit the game? (Confirm with "yes".)

§≈§§# §≈§§# .# (≈§.# .###
>≈≈.# ..# (§§.# ##.#
≈≈≈.# #..###### ≈≈..#
#.......# ....# #.......#
....# #...@..# ....#
#..##### <..##### ##.###
####...#### #...# .#
...'...+..# ###.## ..#
####...##.######..####..#
...####.................#
##.####.#.#######.###...#
# #.......#.#
#####.#.#...#.#


There were no monsters in sight!

Vanquished Creatures
  An endoplasm (D:1)
  A giant cockroach (D:1)
  A hobgoblin (D:1)
  A bat (D:1)
  A frilled lizard (D:1)
  A goblin (D:1)
  2 kobolds (D:1)
  2 rats (D:1)
10 creatures vanquished.

Notes
Turn   | Place    | Note
-------+----------+-------------------------------------------
     0 | D:1      | Bnni the Demonspawn Fighter began the quest for the Orb.
     0 | D:1      | Reached XP level 1. HP: 18/18 MP: 1/1
   333 | D:1      | Gained mutation: You have sharp fingernails. [demonic
                  | ancestry]
   333 | D:1      | Reached XP level 2. HP: 24/24 MP: 2/2
   357 | D:1      | Quit the game

Illustrated notes

Levels and vault maps discovered:
D:1:      lemuel_arrival_lava_pool, layout_basic, st_stairs_7,
          minmay_misc_feat_ornament, minmay_misc_feat_rugged

Skill      XL: |  1 |
---------------+----+-----
Polearms       | 2 |  2.1
Fighting       | |  3.1
Armour         | |  2.6
Shields        | |  2.9

Action                   || total
-------------------------++-------
Melee: Trident           ||    37
Armor: Scale mail        ||    22
Dodge: Dodged            ||    14
Block: Buckler           ||    11

Table legend: (Time is in decaauts)
 A = Elapsed time spent in this place.
 B = Non-inter-level travel time spent in this place.
 C = Inter-level travel time spent in this place.
 D = Time resting spent in this place.
 E = Time spent auto-exploring this place.
 F = Levels seen in this place.
 G = Mean time per level.
                   A        B        C        D        E       F      G
               +--------+--------+--------+--------+--------+-----+--------+
         Total |    366 |    366 |      0 |      0 |    298 |   1 |  366.0 |
       Dungeon |    366 |    366 |      0 |      0 |    298 |   1 |  366.0 |
               +--------+--------+--------+--------+--------+-----+--------+

Top non-repeatable levels by time:
     D:1: 366 daAuts
